 Seeded DCSS version 0.32-a0-768-g0f6f1dd (webtiles) character file.

Game seed: 8190980314326217096 (custom seed)

2 PurpleRed the Grasshopper (level 1, -1/19 HPs)
             Began as a Naga Warper on Mar 18, 2024.
             Slain by a quokka (5 damage)
             ... on level 1 of the Dungeon.
             The game lasted 00:01:15 (72 turns).

PurpleRed the Grasshopper (Naga Warper)               Turns: 72, Time: 00:01:15

Health: -1/19      AC:  1    Str: 13    XL:     1   Next: 40%
Magic:  3/3        EV:  8    Int: 13    God:
Gold:   17         SH:  0    Dex: 10    Spells: 4/4 levels left

rFire   . . .        a - +0 hand axe
rCold   . . .        (no shield)
rNeg    . . .        b - +0 leather armour
rPois   +            (no helmet)
rElec   .            (no cloak)
rCorr   .            (no gloves)
SInv    +            (no barding)
Will    .....        (no amulet)
Stlth   +            (no ring)
HPRegen 0.23/turn    (no ring)
MPRegen 0.08/turn

%: no passive effects
@: very slow
A: AC +0, large, see invisible, deformed body, poison resistance, slowness 2,
spit poison 1, naga tail 1
a: Spit Poison


You were on level 1 of the Dungeon.
You visited 1 branch of the dungeon, and saw 1 of its levels.

You collected 17 gold pieces.

Inventory:

Hand Weapons
 a - a +0 hand axe (weapon)
Missiles
 d - 7 darts of dispersal (quivered)
Armour
 b - a +0 leather armour (worn)
Scrolls
 c - a scroll of blinking
Potions
 e - a potion of mutation {unknown}


   Skills:
 + Level 2.0 Fighting
 * Level 2.1 Axes
 - Level 0.8 Throwing
 - Level 0.7 Armour
 - Level 1.5 Dodging
 - Level 2.0 Spellcasting
 - Level 3.0 Translocations


You had 4 spell levels left.
You didn't know any spells.
Your spell library contained the following spells:

 Spells                   Type           Power      Damage    Failure   Level
 Blink                    Tloc           18%        N/A       14%         2
 Lesser Beckoning         Tloc           18%        N/A       14%         2
 Teleport Other           Tloc           9%         N/A       28%         3
 Manifold Assault         Tloc           9%         N/A       67%         4
 Vhi's Electric Charge    Tloc/Air       10%        N/A       86%         4


Dungeon Overview and Level Annotations

Branches:
Dungeon (1/15)

Altars:


Innate Abilities, Weirdness & Mutations

Your serpentine skin is tough. (AC +0)
You have supernaturally acute eyesight. (SInv)
Armour fits poorly on your strangely shaped body.
Your system is resistant to poisons. (rPois)
You cover ground very slowly.
You can spit poison.
You have a snake-like lower body.


Message History

There is an open door here.
Found a stone staircase leading down.
A quokka comes into view.
Found a book of Weapons.
A ball python comes into view.
Found 10 gold pieces.
The ball python hisses angrily.
You hit the ball python.
The ball python is heavily wounded.
The ball python bites you.
You closely miss the ball python.
The ball python is moderately wounded.
The ball python bites you. x2
You barely miss the ball python.
The ball python is moderately wounded.
The ball python bites you.
You hit the ball python.
The ball python is severely wounded.
The ball python barely misses you.
You closely miss the ball python.
The ball python is severely wounded.
The ball python bites you.
The ball python bites you but does no damage.
You hit the ball python but do no damage.
The ball python is severely wounded.
The ball python bites you but does no damage.
You hit the ball python.
You kill the ball python!
The quokka bites you but does no damage.
You hit the quokka.
The quokka is severely wounded.
The quokka bites you.
You hit the quokka but do no damage.
The quokka is severely wounded.
The quokka bites you. x2
* * * LOW HITPOINT WARNING * * *
You miss the quokka.
The quokka is severely wounded.
The quokka bites you.
You die...

..... ###
..... #..
.....##.# ####
.....#.# ...
..#.:.#....#
$.......#..#.#
.............#
##r##
#####.#.@.#
+.....#...#
.#.....#...#
......>###.#
..........#
..#......###
..#......#
.......#.#
###.......#


You could see a quokka.

Vanquished Creatures
  A ball python (D:1)
  An endoplasm (D:1)
2 creatures vanquished.

Notes
Turn   | Place    | Note
-------+----------+-------------------------------------------
     0 | D:1      | PurpleRed the Naga Warper began the quest for the Orb.
     0 | D:1      | Reached XP level 1. HP: 19/19 MP: 3/3
    72 | D:1      | Slain by a quokka

Illustrated notes

Levels and vault maps discovered:
D:1:      dpeg_arrival_shelter, layout_basic

Action                     || total
---------------------------++-------
  Melee: Hand axe          ||    12
 Armour: Leather armour    ||    12
  Dodge: Dodged            ||     1

Table legend: (Time is in decaauts)
 A = Elapsed time spent in this place.
 B = Non-inter-level travel time spent in this place.
 C = Inter-level travel time spent in this place.
 D = Time resting spent in this place.
 E = Time spent auto-exploring this place.
 F = Levels seen in this place.
 G = Mean time per level.
                   A        B        C        D        E       F      G
               +--------+--------+--------+--------+--------+-----+--------+
         Total |     97 |     97 |      0 |      0 |     63 |   1 |   97.0 |
       Dungeon |     97 |     97 |      0 |      0 |     63 |   1 |   97.0 |
               +--------+--------+--------+--------+--------+-----+--------+

Top non-repeatable levels by time:
     D:1: 97 daAuts
